 Dungeon Crawl Stone Soup version 0.19-a0-1740-g0bcaf2e (webtiles) character file.

21543 kae the Protected (level 13, -4/106 HPs)
             Began as a Formicid Fighter on Oct 2, 2016.
             Was the Champion of Okawaru.
             Slain by a 16-headed hydra (7 damage)
             ... on level 3 of the Lair of Beasts.
             The game lasted 00:15:51 (12587 turns).

kae the Protected (Formicid Fighter)               Turns: 12587, Time: 00:15:52

Health: -4/106     AC: 20    Str: 32    XL:     13   Next: 20%
Magic:  0/13       EV: 12    Int:  7    God:    Okawaru [******]
Gold:   553        SH: 13    Dex: 10    Spells: 0 memorised, 12 levels left

rFire  . . .     SeeInvis +     B - +2 long sword (elec)
rCold  . . .     Gourm    .     p - +2 chain mail {rC+}
rNeg   . . .     Faith    .     c - +1 shield
rPois  +         Spirit   +     (helmet unavailable)
rElec  .         Dismiss  .     S - +2 cloak {rPois}
rCorr  .         Reflect  .     q - +0 pair of gloves of the Arcane {+Blink rC- Str+5} (curse)
MR     +....     Harm     .     (no boots)
Stlth  ..........               J - amulet of guardian spirit
                                m - +3 ring of evasion
                                L - ring of poison resistance

@: no status effects
A: permanent stasis, dig shafts and tunnels, four strong arms, antennae 3
a: Dig, Shaft Self, Heroism, Finesse, Renounce Religion


You were on level 3 of the Lair of Beasts.
You worshipped Okawaru.
Okawaru was exalted by your worship.
You were not hungry.

You visited 3 branches of the dungeon, and saw 15 of its levels.
You also visited: Ossuary.

You collected 943 gold pieces.
You spent 390 gold pieces at shops.

Inventory:

Hand Weapons
 B - a +2 long sword of electrocution (weapon)
 T - a +2 scimitar of protection
Armour
 c - a +1 shield (worn)
 p - a +2 chain mail of cold resistance (worn)
 q - the cursed +0 pair of gloves of the Arcane (worn) {+Blink rC- Str+5}
   (You found it on level 6 of the Dungeon)

   It affects your strength (+5).
   It makes you vulnerable to cold.
   It lets you blink.
   It has a curse placed upon it.
 S - a +2 cloak of poison resistance (worn)
Rods
 H - a -3 rod of shadows (13/13)
   (You found it on level 1 of the Lair of Beasts)
Jewellery
 d - a +5 ring of evasion
 h - a +2 ring of dexterity
 j - an uncursed amulet of the gourmand {unknown}
 m - a +3 ring of evasion (right hand)
 E - an uncursed ring of magical power
 I - an uncursed ring of wizardry
 J - an amulet of guardian spirit (around neck)
 L - a ring of poison resistance (left hand)
Wands
 a - a wand of iceblast (4/15)
 k - a wand of lightning (6/15)
 K - a wand of iceblast (4/15)
 R - a wand of iceblast (6/15)
Scrolls
 i - 3 scrolls of fog
 n - 7 scrolls of recharging
 s - a scroll of enchant weapon
 u - 8 scrolls of remove curse
 y - 4 scrolls of magic mapping
 N - 5 scrolls of fear
 O - 3 scrolls of amnesia
 P - a scroll of identify
Potions
 e - 3 potions of resistance
 g - 2 potions of haste
 l - a potion of cure mutation {unknown}
 r - a potion of agility
 t - 3 potions of heal wounds
 x - 2 potions of magic
 z - 6 potions of curing
 A - 2 potions of lignification
 C - 2 potions of mutation
 D - 3 potions of brilliance
 M - 4 potions of flight {unknown}
Books
 v - a book of Minor Magic

   Spells                             Type                      Level
   a - Magic Dart                     Conjuration                  1
   b - Blink                          Translocation                2
   c - Call Imp                       Summoning                    2
   d - Repel Missiles                 Charms/Air                   2
   e - Slow                           Hexes                        2
   f - Conjure Flame                  Conjuration/Fire             3
   g - Mephitic Cloud                 Conjuration/Poison/Air       3
 F - a book of Necromancy

   Spells                             Type                      Level
   a - Pain                           Necromancy                   1
   b - Animate Skeleton               Necromancy                   1
   c - Vampiric Draining              Necromancy                   3
   d - Regeneration                   Charms/Necromancy            3
   e - Animate Dead                   Necromancy                   4
   f - Control Undead                 Necromancy                   4
 Q - a book of Cantrips

   Spells                             Type                      Level
   a - Confusing Touch                Hexes                        1
   b - Animate Skeleton               Necromancy                   1
   c - Summon Small Mammal            Summoning                    1
   d - Apportation                    Translocation                1
Comestibles
 b - 7 beef jerkies
 f - 11 bread rations
 w - 14 meat rations
 G - 4 slices of pizza


   Skills:
 - Level 11.4 Fighting
 + Level 12.2 Long Blades
 + Level 13.4 Armour
 - Level 9.0 Shields


You had 12 spell levels left.
You didn't know any spells.

Dungeon Overview and Level Annotations

Branches:
Dungeon (11/15)            Temple (1/1) D:7            Lair (3/6) D:11
  Snake (0/4) Lair:2          Orc (0/2) D:10
  Swamp: Lair:2-4    Shoals: Lair:2-4

Altars:
Ashenzari
Cheibriados
Dithmenos
Elyvilon
Fedhas
Gozag
Hepliaklqana
Kikubaaqudgha
Makhleb
Nemelex Xobeh
Okawaru
Qazlal
Ru
Sif Muna
Trog
Uskayaw
Vehumet
Xom
Yredelemnul
Zin
The Shining One

Shops:
D:10 =*!=

Annotations:
D:9 1 runed door
Lair:3 exclusion: oklob plant
Abyss:1 Erica, Maurice, Menkaure


Innate Abilities, Weirdness & Mutations

You are under a permanent stasis effect.
You can dig through walls and to a lower floor.
Your four strong arms can wield two-handed weapons with a shield.
You have a pair of large antennae on your head. (SInv)


Message History

The 14-headed hydra grows two more!
You slash the 16-headed hydra!
There is a sudden explosion of sparks!
The 16-headed hydra is almost dead.
You block the porcupine's attack. The 16-headed hydra bites you!
* * * LOW HITPOINT WARNING * * *
The 16-headed hydra bites you but does no damage.
The 16-headed hydra bites you.
* * * LOW HITPOINT WARNING * * *
You block the 16-headed hydra's attack.
The 16-headed hydra bites you but does no damage. x2
The 16-headed hydra misses you. The 16-headed hydra bites you.
* * * LOW HITPOINT WARNING * * *
The 16-headed hydra bites you.
* * * LOW HITPOINT WARNING * * *
The 16-headed hydra closely misses you. The 16-headed hydra bites you!
* * * LOW HITPOINT WARNING * * *
You block the 16-headed hydra's attack. The 16-headed hydra bites you!
* * * LOW HITPOINT WARNING * * *
The 16-headed hydra bites you!
You die...

#####..........####.#
#.#..#..........##.######
##.......≈....♣♣..........
#.....#.≈♣.♣♣♣♣.♣†........
##.....≈≈♣♣♣.....♣........
##....#.≈≈♣♣....♣♣..#..##.
##.......♣≈≈≈.♣♣♣♣♣......##
#.#......♣♣r≈≈.♣♣....#...#
####.....P..@D≈≈≈♣≈≈≈..#...##
#..........♣.♣.♣≈≈≈♣≈≈....##.
#.....###..♣♣♣♣♣♣ ♣♣≈.......
#.....# ##.♣♣.♣.♣♣ .♣..##..##
#....## #.......♣....###..##
#.....# ##.#....#P.## #..###
#....## ####......# ##.###
#....# ##...#### ##..##
#....# #....## #..###


You could see a 16-headed hydra and a porcupine.

Vanquished Creatures
  Erolcha (D:10)
  A hydra (Lair:3)
  The ghost of Iwannabefree the Thaumaturge, a novice TeCj of Ashenzari (D:9)
  The ghost of zkyp the Slicer, a novice KoGl (D:8)
  A hill giant (D:10)
  Pikel (D:9)
  An oklob plant (Lair:1)
  2 ugly things (D:11)
  The ghost of kae the Slasher, a novice FoFi of Okawaru (D:5)
  2 black mambas
  5 spiny frogs
  2 komodo dragons (Lair:1)
  A troll (D:10)
  The ghost of kae the Shield-Bearer, an amateur FoFi of Ashenzari (D:4)
  5 blink frogs (Lair:3)
  A human (D:7)
  A wyvern (D:8)
  3 basilisks (Lair:3)
  19 yaks
  A wraith (D:11)
  4 hogs (D:7)
  3 wargs (D:11)
  A soldier ant (D:11)
  A naga (Lair:2)
  7 porcupines
  5 water moccasins
  2 orc warriors
  3 phantoms
  2 ice beasts
  A sky beast (D:5)
  A black bear (D:9)
  4 slaves (D:9)
  A necrophage (D:8)
  2 ogres
  9 wolves
  2 centaurs
  3 crocodiles
  A big kobold (D:9)
  Blork the orc (D:6)
  10 bullfrogs
  An elf zombie (Ossuary)
  A wyvern skeleton (D:11)
  5 scorpions
  4 killer bees (D:8)
  2 howler monkeys
  2 electric eels (Lair:2)
  2 crimson imps
  5 orc priests
  5 hounds
  2 jellies
  10 orc wizards
  A human zombie (Ossuary)
  2 bullfrog skeletons (D:10)
  3 iguanas
  Terence (D:2)
  Ijyb (D:2)
  Natasha (thrice) (D:3)
  17 worker ants
  A big kobold zombie (Ossuary)
  A hound zombie (D:8)
  4 mummies (Ossuary)
  A hound skeleton (D:9)
  A howler monkey skeleton (D:5)
  11 adders
  15 river rats
  4 shadow imps
  An ooze (D:3)
  An adder skeleton (D:7)
  4 adder zombies
  2 worms (D:2)
  A dart slug (D:3)
  A leopard gecko (D:6)
  21 orcs
  3 bats
  6 giant cockroaches
  A gnoll zombie (Ossuary)
  10 goblins
  12 hobgoblins
  6 jackals
  9 kobolds
  3 frilled lizards
  2 hobgoblin zombies (Ossuary)
  2 jackal zombies (Ossuary)
  A kobold zombie (Ossuary)
  A leopard gecko zombie (D:5)
  4 rats
310 creatures vanquished.

Vanquished Creatures (others)
  An unseen horror (D:10)
  A sky beast (D:7)
  An ice beast (D:8)
  A bullfrog (D:10)
  A killer bee (D:8)
  A howler monkey (D:10)
  A quasit (D:8)
  An orc priest (D:11)
  A jelly (D:10)
  A worker ant (D:9)
  An adder (D:6)
  An adder skeleton (D:4)
  An orc (D:7)
13 creatures vanquished.

Grand Total: 323 creatures vanquished

Notes
Turn   | Place    | Note
-------+----------+-------------------------------------------
     0 | D:1      | kae the Formicid Fighter began the quest for the Orb.
     0 | D:1      | Reached XP level 1. HP: 18/18 MP: 1/1
    85 | D:1      | Reached XP level 2. HP: 19/24 MP: 2/2
   340 | D:2      | Reached XP level 3. HP: 4/30 MP: 3/3
   642 | D:2      | Noticed Ijyb
   664 | D:2      | Killed Ijyb
   664 | D:2      | Reached XP level 4. HP: 21/37 MP: 4/4
   896 | D:2      | Noticed Terence
   908 | D:2      | Reached skill level 4 in Armour
   917 | D:2      | Killed Terence
   917 | D:2      | Reached XP level 5. HP: 42/42 MP: 5/5
  1230 | D:3      | Noticed Natasha
  1248 | D:3      | Killed Natasha
  1295 | D:3      | Noticed Natasha
  1302 | D:3      | Killed Natasha
  1496 | D:3      | Noticed Natasha
  1501 | D:3      | Killed Natasha
  1501 | D:3      | Reached XP level 6. HP: 49/49 MP: 6/6
  1945 | D:4      | Reached skill level 5 in Shields
  2003 | D:4      | Found a shimmering altar of Xom.
  2065 | D:4      | Reached skill level 5 in Fighting
  2065 | D:4      | Reached XP level 7. HP: 25/56 MP: 7/7
  2374 | D:4      | Noticed kae's ghost (amateur FoFi)
  2387 | D:4      | Killed kae's ghost
  2387 | D:4      | Reached skill level 5 in Armour
  2580 | D:4      | Reached XP level 8. HP: 56/63 MP: 8/8
  2624 | D:5      | Entered Level 5 of the Dungeon
  2878 | D:5      | Reached skill level 5 in Long Blades
  2882 | D:5      | Noticed kae's ghost (novice FoFi)
  3218 | D:5      | Killed kae's ghost
  3218 | D:5      | Reached skill level 6 in Armour
  3218 | D:5      | Reached XP level 9. HP: 68/71 MP: 9/9
  3604 | D:6      | Got a pair of jewelled gloves
  3610 | D:6      | Identified the cursed +0 pair of gloves of the Arcane {+Blink rC- Str+5} (You found it on level 6 of the Dungeon)
  3681 | D:6      | Found a stormy altar of Qazlal.
  3790 | D:6      | Noticed Blork the orc
  3861 | D:6      | Killed Blork the orc
  4098 | D:6      | Found a sand-covered staircase.
  4107 | Ossuary  | Entered an ossuary
  4151 | Ossuary  | Reached skill level 7 in Armour
  4558 | D:7      | Found a staircase to the Ecumenical Temple.
  4567 | Temple   | Entered the Ecumenical Temple
  4625 | Temple   | Became a worshipper of Warmaster Okawaru
  4773 | D:7      | Noticed Menkaure
  4784 | D:7      | Banished Menkaure
  5088 | D:7      | Reached * piety under Okawaru
  5147 | D:7      | Reached XP level 10. HP: 55/80 MP: 10/10
  5226 | D:7      | Reached skill level 8 in Armour
  5290 | D:7      | Reached ** piety under Okawaru
  5690 | D:8      | Noticed zkyp's ghost (novice KoGl)
  5712 | D:8      | Killed zkyp's ghost
  5712 | D:8      | Reached *** piety under Okawaru
  5965 | D:8      | Reached skill level 9 in Armour
  6309 | D:9      | Identified a scroll of acquirement
  6310 | D:9      | Got a warped cloak
  6407 | D:9      | Noticed Iwannabefree's ghost (novice TeCj)
  6427 | D:9      | Killed Iwannabefree's ghost
  6427 | D:9      | Reached **** piety under Okawaru
  6427 | D:9      | Reached XP level 11. HP: 74/89 MP: 11/11
  6483 | D:9      | Identified the +2 cloak of Integrity {rPois rN+++ MR- Str-2} (You acquired it on level 9 of the Dungeon)
  6557 | D:9      | Found a snail-covered altar of Cheibriados.
  6557 | D:9      | Found a sacrificial altar of Ru.
  6558 | D:9      | Found a white marble altar of Elyvilon.
  6561 | D:9      | Found a stormy altar of Qazlal.
  6561 | D:9      | Found a shattered altar of Ashenzari.
  6566 | D:9      | Found an ancient bone altar of Kikubaaqudgha.
  6566 | D:9      | Found a blossoming altar of Fedhas.
  6570 | D:9      | Noticed Pikel
  6590 | D:9      | Killed Pikel
  6590 | D:9      | Reached ***** piety under Okawaru
  6615 | D:9      | Reached skill level 10 in Armour
  6631 | D:9      | Found a glowing silver altar of Zin.
  6727 | D:9      | Found an opulent altar of Gozag.
  6791 | D:9      | Found a glowing golden altar of the Shining One.
  6824 | D:9      | Reached skill level 10 in Fighting
  6908 | D:9      | Noticed an unseen horror
  6927 | D:9      | Found a runed door.
  6941 | D:9      | Found a runed door.
  7299 | D:10     | Entered Level 10 of the Dungeon
  7350 | D:10     | Noticed Erica
  7355 | D:10     | Banished Erica
  7360 | D:10     | Noticed an unseen horror
  7363 | D:10     | Banished an unseen horror
  7390 | D:10     | Noticed a hill giant
  7393 | D:10     | Found Jahaozuh's Jewellery Emporium.
  7399 | D:10     | Killed a hill giant
  7405 | D:10     | Found Feh Yhis's General Store.
  7659 | D:10     | Found a staircase to the Orcish Mines.
  7671 | D:10     | Found Inurorat's Distillery.
  7678 | D:10     | Noticed Maurice
  7690 | D:10     | Banished Maurice
  7765 | D:10     | Found Jyluroor's Jewellery Emporium.
  7801 | D:10     | Bought an uncursed amulet of guardian spirit for 390 gold pieces
  7885 | D:10     | Noticed a hill giant
  7946 | D:10     | Noticed Erolcha
  7995 | D:10     | Killed Erolcha
  7995 | D:10     | Reached skill level 11 in Armour
  8349 | D:11     | Noticed a green ugly thing
  8354 | D:11     | Killed a green ugly thing
  8354 | D:11     | Reached skill level 10 in Long Blades
  8692 | D:11     | Reached XP level 12. HP: 99/99 MP: 12/12
  8704 | D:11     | Found a staircase to the Lair.
  8710 | D:11     | Received a gift from Okawaru
  9301 | Lair:1   | Entered Level 1 of the Lair of Beasts
  9525 | Lair:1   | Reached skill level 12 in Armour
  9706 | Lair:1   | Received a gift from Okawaru
 11086 | Lair:2   | Found a staircase to the Snake Pit.
 11676 | Lair:2   | Noticed a seven-headed hydra
 11752 | Lair:3   | Reached ****** piety under Okawaru
 11849 | Lair:3   | Reached XP level 13. HP: 95/106 MP: 11/13
 11853 | Lair:3   | Reached skill level 13 in Armour
 11915 | Lair:3   | Noticed a six-headed hydra
 11929 | Lair:3   | Killed a 14-headed hydra
 12270 | Lair:3   | Received a gift from Okawaru
 12571 | Lair:3   | Noticed a five-headed hydra
 12587 | Lair:3   | HP: 3/106 [16-headed hydra (8)]
 12587 | Lair:3   | Slain by a 16-headed hydra

Vault maps used:
D:1:      mainiacjoe_arrival_reflecting_pool
D:2:      uniq_terence, uniq_iyjb
D:3:      first_bread, uniq_natasha
D:4:      brannock_xom_greatest_gift
D:6:      nicolae_ossuary_entry_ruins, grunt_qazlal_sundering,
          uniq_blork_the_orc
D:7:      grunt_livestock, uniq_menkaure
D:9:      lemuel_insect_pit, lemuel_crystal_altar, grunt_temple_overflow_open,
          old_standard_altar, uniq_pikel
D:10:     orc_0_dummy, serial_shops, shop_coins, shop, shop, shop, uniq_erolcha,
          uniq_maurice, uniq_erica
D:11:     erik_lair_orcish_takeover, grunt_ministairs_7
Temple:   cyrus_temple_forest
Lair:1:   minmay_lair_oklob_chamber, beast_lair_carwin_7
Lair:2:   guppyfry_snake_entry_garden, grunt_megastairs_1, serial_bayou_shore_a
Lair:3:   guppyfry_lair_drakes
Ossuary:  ossuary_minmay_tomb_2a

Skill      XL: |  1  2  3  4  5  6  7  8  9 10 11 12 13 |
---------------+----------------------------------------+-----
Shields        | 4 5 6 7 8 9 |  9.0
Fighting       | 4 5 6 7 9 10 11 | 11.4
Armour         | 4 5 6 7 9 11 12 13 | 13.4
Long Blades    | 3 4 5 6 8 10 11 12 | 12.2

Action                   |  1- 3 |  4- 6 |  7- 9 | 10-12 | 13-15 || total
-------------------------+-------+-------+-------+-------+-------++-------
Melee: Long sword        |    82 |   190 |   262 |   504 |    76 ||  1114
       Scimitar          |       |       |       |   298 |       ||   298
Invok: Heroism           |       |       |       |     2 |     2 ||     4
 Abil: Dig               |       |     4 |     6 |    10 |     1 ||    21
  Use: Scroll            |     1 |       |    14 |    11 |       ||    26
       Potion            |       |       |     1 |     2 |       ||     3
 Stab: Distracted        |       |       |       |     1 |       ||     1
  Eat: Chunk             |       |     5 |    10 |    18 |     2 ||    35
       Pizza             |       |       |       |     2 |     1 ||     3
       Royal jelly       |       |       |       |     1 |       ||     1
Armor: Scale mail        |    22 |    21 |       |       |       ||    43
       Chain mail        |       |    63 |    66 |   172 |    79 ||   380
       Skin              |       |       |       |    20 |       ||    20
Dodge: Dodged            |    23 |    38 |    89 |   265 |    66 ||   481
Block: Shield            |    28 |    89 |   132 |   367 |    71 ||   687
